 Dungeon Crawl Stone Soup version 0.31-a0-851-g7ff8af7976 (webtiles) character file.

Game seed: 8498102474787791446

274 javelincjr the Sneak (level 6, -8/36 HPs)
             Began as an Octopode Hedge Wizard on Oct 5, 2023.
             Killed by divine providence
             ... invoked by an orc priest
              (14 damage)
             ... on level 5 of the Dungeon.
             The game lasted 00:12:59 (4132 turns).

javelincjr the Sneak (Octopode Hedge Wizard)        Turns: 4132, Time: 00:13:00

Health: -8/36      AC:  1    Str:  9    XL:     6   Next: 24%
Magic:  17/20      EV: 13    Int: 19    God:
Gold:   225        SH:  0    Dex: 11    Spells: 7/12 levels left

rFire   . . .        n - staff of conjuration
rCold   . . .        (no shield)
rNeg    . . .        b - +0 hat
rPois   .            (no amulet)
rElec   .            d - ring of magical power
rCorr   .            (no ring)
SInv    .            (no ring)
Will    .....        (no ring)
Stlth   +++          (no ring)
HPRegen 0.26/turn    (no ring)
MPRegen 0.17/turn    (no ring)
                     (no ring)

%: no passive effects
@: about to teleport
A: almost no armour, amphibious, 8 rings, camouflage 1, gelatinous body 1,
(nimble swimmer 1), tentacles
a: no special abilities


You were on level 5 of the Dungeon.
You visited 1 branch of the dungeon, and saw 5 of its levels.

You collected 225 gold pieces.

Inventory:

Hand Weapons
 a - a +0 dagger
Missiles
 q - 3 poisoned darts
Armour
 b - a +0 hat (worn)
 y - an orb of guile
Magical Staves
 n - a staff of conjuration (weapon)
Jewellery
 d - a ring of magical power (left tentacle)
Talismans
 e - a talisman of death
Scrolls
 f - a scroll of revelation {unknown}
 g - a scroll of fear {unknown}
 h - 2 scrolls of identify
 i - a scroll of noise {unknown}
 j - a scroll of immolation {unknown}
 l - a scroll of enchant armour {unknown}
 o - a scroll of fog {unknown}
 p - a scroll of enchant weapon {unknown}
 r - 3 scrolls of teleportation
 s - a scroll of silence {unknown}
 t - 2 scrolls of blinking {unknown}
 u - a scroll of vulnerability {unknown}
 w - a scroll of poison {unknown}
Potions
 c - a potion of magic
 k - a potion of curing {unknown}
 m - 2 potions of degeneration {unknown}
 v - a potion of mutation {unknown}
 x - 3 potions of heal wounds {unknown}
 z - a potion of might {unknown}


   Skills:
 + Level 3.1 Dodging
 + Level 4.3 Stealth
 + Level 3.6 Spellcasting
 + Level 2.3 Conjurations
 + Level 2.2 Summonings
 + Level 2.2 Translocations
 + Level 1.5 Shapeshifting


You had 7 spell levels left.
You knew the following spells:

 Your Spells              Type           Power      Damage    Failure   Level
a - Magic Dart            Conj           72%        1d6       5%          1
b - Call Imp              Summ           24%        N/A       9%          2
c - Blink                 Tloc           22%        N/A       9%          2

Your spell library contained the following spells:

 Spells                   Type           Power      Damage    Failure   Level
 Slow                     Hex            12%        N/A       14%         1
 Cigotuvi's Dreadful Rot  Necr/Pois/Air  6%         N/A       22%         2
 Dazzling Flash           Conj/Hex       22%        N/A       26%         3
 Mephitic Cloud           Conj/Pois/Air  9%         N/A       30%         3
 Inner Flame              Hex/Fire       3%         N/A       41%         3
 Flame Wave               Conj/Fire      11%        2d6       65%         4
 Sticky Flame             Conj/Fire      11%        2d3       65%         4
 Agony                    Necr           3%         N/A       99%         5
 Silence                  Hex/Air        1%         N/A       99%         5


Dungeon Overview and Level Annotations

Branches:
Dungeon (5/15)
 Temple: D:4-7

Altars:

Shops:
D:4 (

Annotations:
D:3 1 runed translucent door, Schnaeble's ghost, amateur NaFi


Innate Abilities, Weirdness & Mutations

You cannot wear most types of armour.
You are amphibious.
You can wear up to eight rings at the same time.
Your skin changes colour to match your surroundings (Stealth+).
Your rubbery body absorbs attacks. (AC +1, EV +1)
((You are camouflaged when in or above water. (Stealth+)))
You have tentacles for arms and can constrict up to eight enemies at once.


Message History

The orc priest calls down the wrath of Beogh upon you.
Beogh smites you!
The orc priest invokes the aid of Beogh against you.
Beogh smites you!
You are too injured to fight recklessly!
You are too injured to fight recklessly!
Your cerulean imp hits the orc priest but does no damage.
Your cerulean imp barely misses the orc priest.
The orc priest invokes the aid of Beogh against you.
Beogh smites you!
* * * LOW HITPOINT WARNING * * *
Your cerulean imp misses the orc priest.
Your magical contamination has completely faded away.
Casting: Call Imp (safe; 9% risk of failure)
Confirm with . or Enter, or press ? or * to list all spells.
A tiny devil pulls itself out of the air.
You swap places.
Found 6 stones.
Found a stone staircase leading down.
A jackal comes into view.
Found a stone staircase leading down.
Your cerulean imp hits the orc priest from afar with a -3 spear.
An adder comes into view.
The jackal barks!
You hear a bark!
You hear an angry hiss.
A jackal comes into view.
A dart slug comes into view.
The adder hisses angrily.
The dart slug launches a dart at you. The slug dart misses you.
As you read the scroll labelled VUWATO USHRODD, it crumbles to dust.
It is a scroll of identify.
r - 4 scrolls of teleportation Your cerulean imp closely misses the jackal.
As you read the scroll of teleportation, it crumbles to dust.
You feel strangely unstable.
Your cerulean imp hits the jackal but does no damage.
You barely miss the adder. Your grab misses the adder. The adder misses you.
The jackal closely misses you.
A jelly comes into view.
The orc priest looks braver for a moment.
The orc priest invokes the aid of Beogh against you.
Beogh smites you!
You die...

.................
##.....)oo...#.
...#...5....###
#.##.ยง####..# #
#o## #... ..#.##.##
##.# .........# .#
......#.o#####..##.
....###..o.@S...w..
... #.5.hh.......
.. .J..............
# ##.#............
#.#..........#.
.............#
#..#.(>.......#
.......>......


You could see a jelly (distracted), 2 orc priests, an adder, a dart slug, 2
jackals and a friendly cerulean imp (summoned).

Vanquished Creatures
  A hound (D:4)
  An iguana (D:4)
  An orc wizard (D:4)
  2 adders
  A shadow imp (D:4)
  A worm (D:1)
  4 dart slugs
  4 orcs
  4 ball pythons
  5 endoplasms
  5 giant cockroaches
  4 goblins
  7 hobgoblins
  3 jackals (D:1)
  7 kobolds
  A quokka (D:1)
  4 bats (D:1)
  A frilled lizard (D:3)
  5 rats
61 creatures vanquished.

Vanquished Creatures (collateral kills)
  An ogre (D:4)
  A worm (D:2)
  A dart slug (D:1)
  An orc (D:4)
  A giant cockroach (D:1)
  A kobold (D:4)
  A quokka (D:4)
  A frilled lizard (D:1)
8 creatures vanquished.

Grand Total: 69 creatures vanquished

Notes
Turn   | Place    | Note
-------+----------+-------------------------------------------
     0 | D:1      | javelincjr the Octopode Hedge Wizard began the quest for
                  | the Orb.
     0 | D:1      | Reached XP level 1. HP: 11/11 MP: 4/4
   277 | D:1      | Reached XP level 2. HP: 17/17 MP: 6/6
   436 | D:1      | Reached skill level 3 in Stealth
   439 | D:1      | Learned a level 2 spell: Call Imp
   442 | D:1      | Learned a level 2 spell: Blink
   773 | D:1      | Reached XP level 3. HP: 21/21 MP: 7/7
  1414 | D:1      | Found a faded altar of an unknown god.
  1870 | D:2      | Reached XP level 4. HP: 22/27 MP: 8/8
  2818 | D:3      | Found a runed translucent door.
  2818 | D:3      | Noticed Schnaeble's ghost (amateur NaFi)
  2978 | D:4      | Reached skill level 1 in Shapeshifting
  3090 | D:4      | Reached XP level 5. HP: 22/31 MP: 10/10
  3496 | D:4      | Reached skill level 4 in Stealth
  3821 | D:4      | Noticed an ogre
  3859 | D:4      | Killed an ogre
  3860 | D:4      | Reached XP level 6. HP: 16/36 MP: 11/11
  4066 | D:4      | Found Yrox Imyf's Weapon Boutique.
  4102 | D:5      | Entered Level 5 of the Dungeon
  4132 | D:5      | Killed from afar by an orc priest

Illustrated notes

Levels and vault maps discovered:
D:1:      dpeg_arrival_houses_and_road, layout_basic,
          hellmonk_ecumenical_altar_heavens_door, minmay_cut_off
D:2:      layout_loops_ring
D:3:      layout_loops_ring, hellmonk_ghost_happy_afterlife,
          palyth_stone_intersect
D:4:      layout_basic, serial_shops, nicolae_shop_back_alley_shop
D:5:      layout_rooms, serial_shops, shop_fountains

Skill      XL: |  1  2  3  4  5 |
---------------+----------------+-----
Stealth        | 3 4 |  4.3
Shapeshifting  | 1 |  1.5
Conjurations   | 2 |  2.3
Summonings     | 2 |  2.2
Translocations | 2 |  2.2
Dodging        | 3 |  3.1
Spellcasting   | |  3.6

Action                     |  1- 3 |  4- 6 || total
---------------------------+-------+-------++-------
  Melee: Dagger            |    15 |       ||    15
         Tentacles         |     9 |    14 ||    23
         Constrict         |    11 |    13 ||    24
         Staff             |    17 |    47 ||    64
   Cast: Magic Dart        |    70 |    42 ||   112
         Call Imp          |     8 |    20 ||    28
    Use: Scroll            |       |     2 ||     2
   Stab: Sleeping          |     4 |     4 ||     8
 Armour: Skin              |    17 |    27 ||    44
  Dodge: Dodged            |    33 |    35 ||    68

Table legend: (Time is in decaauts)
 A = Elapsed time spent in this place.
 B = Non-inter-level travel time spent in this place.
 C = Inter-level travel time spent in this place.
 D = Time resting spent in this place.
 E = Time spent auto-exploring this place.
 F = Levels seen in this place.
 G = Mean time per level.
                   A        B        C        D        E       F      G
               +--------+--------+--------+--------+--------+-----+--------+
         Total |   4143 |   4065 |     78 |     40 |   3354 |   5 |  828.6 |
       Dungeon |   4143 |   4065 |     78 |     40 |   3354 |   5 |  828.6 |
               +--------+--------+--------+--------+--------+-----+--------+

Top non-repeatable levels by time:
     D:1: 1584 daAuts
     D:4: 1143 daAuts
     D:3: 770 daAuts
     D:2: 614 daAuts
     D:5: 30 daAuts
